 Dungeon Crawl Stone Soup version 0.29-a0-380-gf50f0a9fbc (webtiles) character file.

Game seed: 1961831384273541216

10 Antichthon the Skirmisher (level 2, 0/24 HPs)
             Began as a Formicid Abyssal Knight on May 5, 2022.
             Was a Believer of Lugonu.
             Slain by a gnoll
             ... wielding a +0 spear
              (1 damage)
             ... on level 1 of the Dungeon.
             The game lasted 00:00:52 (897 turns).

Antichthon the Skirmisher (Formicid Abyssal Knight)  Turns: 897, Time: 00:00:53

Health: 0/24       AC:  3    Str: 14 (17) XL:     2   Next: 30%
Magic:  3/3        EV: 11    Int:  8 (9)  God:    Lugonu [**....]
Gold:   25         SH:  0    Dex:  9 (11) Spells: 1/1 levels left

rFire   . . .      SeeInvis +   a - +1 hand axe
rCold   . . .      Faith    .   (no shield)
rNeg    . . .      Spirit   .   b - +0 leather armour
rPois   .          Reflect  .   (helmet unavailable)
rElec   .          Harm     .   (no cloak)
rCorr   .          Rampage  .   (no gloves)
Will    .....                   (no boots)
Stlth   +.........              (no amulet)
HPRegen 0.08/turn               (no ring)
MPRegen 0.08/turn               (no ring)

@: no status effects
A: permanent stasis, dig shafts and tunnels, antennae 3, four strong arms
a: Dig, Shaft Self, Renounce Religion, Depart the Abyss, Bend Space


You were on level 1 of the Dungeon.
You worshipped Lugonu.
Lugonu was pleased with you.
You visited 1 branch of the dungeon, and saw 2 of its levels.
You visited the Abyss 1 time.

You collected 25 gold pieces.

Inventory:

Hand Weapons
 a - a +1 hand axe (weapon)
Armour
 b - a +0 leather armour (worn)
Potions
 e - 2 potions of magic


   Skills:
 - Level 3.2 Fighting
 - Level 2.0 Axes
 * Level 1.8 Crossbows
 - Level 2.1 Armour
 - Level 0.8 Dodging
 - Level 2.1 Invocations


You had one spell level left.
You didn't know any spells.
Your spell library was empty.

Dungeon Overview and Level Annotations

Branches:
Dungeon (2/15)

Altars:


Innate Abilities, Weirdness & Mutations

You cannot be hasted, slowed, berserked, paralysed or teleported.
You can dig through walls and to a lower floor.
You have a pair of large antennae on your head. (SInv)
Your four strong arms can wield two-handed weapons with a shield.


Message History

It is a scroll of identify.
e - 2 potions of magic Unknown command.
(D) Dungeon
Where to? (? - help)
You see here a +0 falchion.
There is a stone staircase leading down here.
You climb downwards.
There is a stone staircase leading up here.
You sense a monster nearby.
You sense a monster nearby. 3 gnolls come into view.
The gnoll shouts!
There is a stone staircase leading up here.
The gnoll barely misses you.
There is a stone staircase leading up here.
The gnoll shouts!
The gnoll completely misses you. The gnoll hits you with a +0 spear.
The gnoll hits you from afar with a +0 spear.
There is a stone staircase leading up here.
Unknown command.
The gnoll barely misses you. The gnoll misses you.
The gnoll hits you from afar with a +0 spear.
You climb upwards.
There is a stone staircase leading down here.
Unknown command.
You barely miss the gnoll. The gnoll hits you with a +0 spear.
You closely miss the gnoll. The gnoll closely misses you.
You hit the gnoll.
The gnoll is lightly wounded.
The gnoll hits you with a +0 spear!
* * * LOW HITPOINT WARNING * * *
Unknown command.
Okay, then.
It was a potion of degeneration.
There was something very wrong with that liquid.
You feel weakened.
You feel dopey.
You feel clumsy. The gnoll hits you with a +0 spear.
You die...

..........#.#.........##.......#.
........[.#.#.##.#######.......#.
...########....................'.
...##########.[#.#######.......#.
...##.......##.#.# #...(...#.
#####.......##...# ##########
....'.......###..# ########
.####.......# #.g# #.......
............# ##@# #.######
.####..+########.# #.#
.###...........#.# #.#
.....####'####.#.# #.#
####.#.......#.#.# #.#
.....#.......#.#.# #.#
###..#..♣♣♣..#.#.# #.#
#..#..'_♣..#.#.# #.#
##.#..♣♣♣..#.#.# #.#


You could see a gnoll.

Vanquished Creatures
  A giant cockroach (D:1)
  A goblin (D:1)
  2 hobgoblins (D:1)
  2 ball pythons (D:1)
  2 bats (D:1)
  2 rats (D:1)
10 creatures vanquished.

Notes
Turn   | Place    | Note
-------+----------+-------------------------------------------
     0 | Abyss:1  | Antichthon the Formicid Abyssal Knight began the quest for
                  | the Orb.
     0 | Abyss:1  | Reached XP level 1. HP: 18/18 MP: 2/2
    16 | D:1      | Escaped the Abyss
   141 | D:1      | Reached skill level 1 in Crossbows
   332 | D:1      | Found a faded altar of an unknown god.
   532 | D:1      | Reached XP level 2. HP: 22/24 MP: 3/3
   896 | D:1      | HP: 1/24 [gnoll/+0 spear (9)]
   897 | D:1      | Slain by a gnoll

Illustrated notes

Levels and vault maps discovered:
D:1:      minmay_arrival_three_doors, layout_basic,
          hellmonk_ecumenical_altar_inner_sanctum
D:2:      layout_loops_cross, uniq_crazy_yiuf_cottage

Skill      XL: |  1 |
---------------+----+-----
Crossbows      | 1 |  1.8
Fighting       | |  3.2
Axes           | |  2.0
Armour         | |  2.1
Dodging        | |  0.8
Invocations    | |  2.1

Action                   || total
-------------------------++-------
Melee: Hand axe          ||    27
  Use: Scroll            ||     1
       Potion            ||     1
Armor: Leather armour    ||     8
Dodge: Dodged            ||    23

Table legend: (Time is in decaauts)
 A = Elapsed time spent in this place.
 B = Non-inter-level travel time spent in this place.
 C = Inter-level travel time spent in this place.
 D = Time resting spent in this place.
 E = Time spent auto-exploring this place.
 F = Levels seen in this place.
 G = Mean time per level.
                   A        B        C        D        E       F      G
               +--------+--------+--------+--------+--------+-----+--------+
         Total |    902 |    886 |     16 |      0 |    749 |   3 |  300.7 |
       Dungeon |    886 |    870 |     16 |      0 |    743 |   2 |  443.0 |
         Abyss |     16 |     16 |      0 |      0 |      6 |   1 |   16.0 |
               +--------+--------+--------+--------+--------+-----+--------+

Top non-repeatable levels by time:
     D:1: 868 daAuts
     D:2: 17 daAuts
 Abyss:1: 16 daAuts
